General information
- name: BNet
- type: Ladder team game (AT/RT)
- host: Battle.net
- saver: Bromeister
map: Dragonblight
- players: 6
- length: 25:46
- speed: Fast
- version: 1.26 W3XP
- replay type: Public
» download(155 KB)
Players
team 1 (loser)
univera3 (
red | 49 APM | 777 actions | 15:42)
3 Mountain King
2 Storm Bolt
1 Bash
2 Paladin
1 Holy Light
1 Devotion Aura
» actions
| Assign group hotkey | 9 | |
| Basic commands | 13 | |
| Build / train | 71 | |
| Enter build submenu | 26 | |
| Enter hero's abilities submenu | 5 | |
| Right click | 296 | |
| Select / deselect | 259 | |
| Select group hotkey | 47 | |
| Use ability | 51 | |
777 total
» units
| Peasant | 20 | |
| Footman | 23 | |
| Rifleman | 3 | |
| Siege Engine | 2 | |
| Priest | 2 | |
50 total
» upgrades
| Masonry | 1 | |
| Plating | 2 | |
| Swords | 1 | |
| Lumber Harvesting | 1 | |
| Barrage | 1 | |
6 total
» buildings
| Altar of Kings | 1 | |
| Farm | 7 | |
| Barracks | 1 | |
| Scout Tower | 5 | |
| Arcane Tower | 1 | |
| Lumber Mill | 1 | |
| Blacksmith | 1 | |
| Keep | 1 | |
| Guard Tower | 3 | |
| Arcane Vault | 1 | |
| Town Hall | 1 | |
| Castle | 1 | |
| Workshop | 1 | |
| Arcane Sanctum | 1 | |
26 total
» build order
00:08 Altar of Kings
00:11 Farm
00:51 Farm
01:19 Barracks
01:50 Farm
01:57 Scout Tower
02:01 Scout Tower
04:24 Arcane Tower
05:22 Farm
06:30 Lumber Mill
06:33 Blacksmith
06:39 Farm
07:03 Keep
07:18 Scout Tower
07:33 Farm
07:41 Scout Tower
07:47 Guard Tower
08:08 Arcane Vault
08:13 Guard Tower
09:22 Scout Tower
10:07 Town Hall
11:38 Castle
12:06 Farm
12:08 Guard Tower
12:59 Workshop
13:38 Arcane Sanctum
» items
| Potion of Healing | 1 | |
| Scroll of Town Portal | 1 | |
2 total

»
CandyInTheVAN (
pink | 37 APM | 866 actions | 23:41)
5 Far Seer
3 Feral Spirit
2 Chain Lighting
2 Paladin
1 Divine Shield
1 Devotion Aura
» actions
| Assign group hotkey | 35 | |
| Basic commands | 1 | |
| Build / train | 55 | |
| ESC pressed | 2 | |
| Enter build submenu | 37 | |
| Enter hero's abilities submenu | 7 | |
| Give item / drop item | 2 | |
| Right click | 237 | |
| Select / deselect | 189 | |
| Select group hotkey | 212 | |
| Use ability | 89 | |
866 total
» units
» upgrades
| Spiked Barricades | 2 | |
| Ranged Weapons | 2 | |
| Armor | 1 | |
| Lumber Harvesting | 1 | |
| Envenomed Spears | 1 | |
| Reinforced Defenses | 1 | |
8 total
» buildings
| Orc Burrow | 6 | |
| War Mill | 2 | |
| Altar of Storms | 1 | |
| Watch Tower | 17 | |
| Voodoo Lounge | 3 | |
| Stronghold | 1 | |
| Beastiary | 3 | |
| Great Hall | 1 | |
| Farm | 1 | |
| Fortress | 1 | |
36 total
» build order
00:25 Orc Burrow
00:41 War Mill
01:18 Altar of Storms
01:56 Watch Tower
02:25 Watch Tower
02:39 Orc Burrow
02:59 Watch Tower
03:44 Watch Tower
04:06 Watch Tower
04:24 Watch Tower
04:30 Watch Tower
04:55 Voodoo Lounge
04:57 Watch Tower
05:20 Watch Tower
05:43 Stronghold
06:14 Watch Tower
06:33 Watch Tower
06:38 Voodoo Lounge
07:41 Voodoo Lounge
07:58 Orc Burrow
08:12 Beastiary
08:16 Beastiary
08:30 Beastiary
09:25 Watch Tower
09:33 War Mill
11:02 Orc Burrow
11:05 Orc Burrow
11:28 Orc Burrow
11:37 Watch Tower
12:31 Watch Tower
12:51 Watch Tower
13:45 Watch Tower
14:31 Great Hall
14:37 Watch Tower
17:22 Farm
17:42 Fortress
» items
| Lesser Clarity Potion | 4 | |
| Healing Salve | 5 | |
| Potion of Mana | 1 | |
| Scroll of Speed | 3 | |
| Scroll of Town Portal | 2 | |
| Orb of Lightning | 2 | |
17 total

»
noobling (
purple | 74 APM | 1895 actions | 25:42)
6 Warden
3 Fan of Knives
2 Shadow Strike
1 Spirit of Vengeance
3 Priestess of the Moon
1 Trueshot Aura
2 Searing Arrows
» actions
| Assign group hotkey | 45 | |
| Basic commands | 139 | |
| Build / train | 97 | |
| ESC pressed | 7 | |
| Enter build submenu | 22 | |
| Enter hero's abilities submenu | 10 | |
| Right click | 731 | |
| Select / deselect | 369 | |
| Select group hotkey | 375 | |
| Use ability | 100 | |
1895 total
» units
| Wisp | 34 | |
| Archer | 2 | |
| Druid of the Talon | 12 | |
| Dryad | 2 | |
| Mountain Giant | 1 | |
| Hippogryph | 18 | |
| Chimaera | 2 | |
71 total
» upgrades
| Reinforced Hides | 2 | |
| Strength of the Wild | 1 | |
| Druid of the Talon Training | 2 | |
| Abolish Magic | 1 | |
| Well Spring | 1 | |
| Mark of the Talon | 1 | |
| Moon Armor | 1 | |
| Strength of the Moon | 1 | |
10 total
» buildings
| Altar of Elders | 1 | |
| Moon Well | 6 | |
| Ancient of War | 1 | |
| Tree of Ages | 1 | |
| Ancient of Wonders | 1 | |
| Hunter's Hall | 2 | |
| Tree of Eternity | 1 | |
| Ancient of Wind | 2 | |
| Ancient of Lore | 2 | |
| Ancient Protector | 3 | |
| Tree of Life | 2 | |
| Chimaera Roost | 1 | |
23 total
» build order
00:07 Altar of Elders
00:12 Moon Well
00:49 Ancient of War
01:28 Moon Well
02:39 Tree of Ages
02:41 Moon Well
02:48 Ancient of Wonders
03:38 Hunter's Hall
03:41 Hunter's Hall
04:40 Moon Well
05:41 Tree of Eternity
05:46 Ancient of Wind
06:14 Moon Well
06:37 Ancient of Lore
07:22 Ancient Protector
10:19 Tree of Life
11:13 Chimaera Roost
11:15 Ancient of Lore
11:43 Moon Well
15:17 Ancient of Wind
23:16 Tree of Life
24:49 Ancient Protector
24:56 Ancient Protector
» items
| Potion of Healing | 1 | |
| Orb of Venom | 1 | |
2 total
team 2 (winner)

»
OrcNinja (
orange | 47 APM | 1216 actions | 25:43)
3 Priestess of the Moon
2 Trueshot Aura
1 Searing Arrows
5 Keeper of the Grove
3 Entangling Roots
2 Thorns Aura
» actions
| Basic commands | 50 | |
| Build / train | 74 | |
| ESC pressed | 10 | |
| Enter build submenu | 14 | |
| Enter hero's abilities submenu | 8 | |
| Give item / drop item | 2 | |
| Right click | 611 | |
| Select / deselect | 366 | |
| Use ability | 81 | |
1216 total
» units
| Wisp | 10 | |
| Huntress | 11 | |
| Hippogryph | 16 | |
| Chimaera | 5 | |
42 total
» upgrades
| Strength of the Wild | 2 | |
| Corrosive Breath | 1 | |
| Well Spring | 1 | |
| Reinforced Hides | 1 | |
| Nature's Blessing | 1 | |
6 total
» buildings
| Altar of Elders | 1 | |
| Moon Well | 5 | |
| Hunter's Hall | 1 | |
| Ancient of War | 1 | |
| Tree of Ages | 1 | |
| Ancient of Wonders | 2 | |
| Tree of Eternity | 1 | |
| Ancient of Wind | 1 | |
| Chimaera Roost | 2 | |
15 total
» build order
00:06 Altar of Elders
00:15 Moon Well
01:31 Hunter's Hall
02:19 Moon Well
02:22 Ancient of War
02:33 Moon Well
04:35 Tree of Ages
04:39 Moon Well
05:49 Ancient of Wonders
07:53 Tree of Eternity
07:56 Ancient of Wind
11:15 Chimaera Roost
11:18 Chimaera Roost
11:45 Moon Well
13:25 Ancient of Wonders
» items
| Scroll of Town Portal | 3 | |
| Staff of Preservation | 1 | |
| Potion of Healing | 2 | |
| Anti-magic Potion | 1 | |
| Orb of Venom | 1 | |
| Scroll of Healing | 2 | |
| Scroll of Regeneration | 1 | |
11 total
Bromeister (
yellow | 111 APM | 2870 actions | 25:46)
8 Blademaster
3 Wind Walk
3 Critical Strike
1 Bladestorm
1 Mirror Image
» actions
| Assign group hotkey | 29 | |
| Basic commands | 2 | |
| Build / train | 74 | |
| Enter build submenu | 21 | |
| Enter hero's abilities submenu | 9 | |
| Remove unit from queue | 2 | |
| Right click | 1803 | |
| Select / deselect | 312 | |
| Select group hotkey | 438 | |
| Use ability | 180 | |
2870 total
» units
| Peon | 14 | |
| Wind Rider | 9 | |
| Raider | 9 | |
| Troll Batrider | 1 | |
33 total
» upgrades
| Ranged Weapons | 2 | |
| Armor | 1 | |
| Envenomed Spears | 2 | |
| Melee Weapons | 1 | |
| Pillage | 1 | |
| Ensnare | 1 | |
8 total
» buildings
| War Mill | 1 | |
| Altar of Storms | 1 | |
| Orc Burrow | 5 | |
| Watch Tower | 8 | |
| Stronghold | 2 | |
| Voodoo Lounge | 1 | |
| Beastiary | 2 | |
| Fortress | 1 | |
21 total
» build order
00:08 War Mill
00:30 Altar of Storms
01:18 Orc Burrow
01:47 Watch Tower
02:08 Watch Tower
02:11 Watch Tower
02:36 Orc Burrow
02:59 Watch Tower
03:51 Watch Tower
05:10 Stronghold
05:10 Stronghold
05:14 Orc Burrow
06:24 Watch Tower
06:33 Watch Tower
06:36 Watch Tower
06:45 Voodoo Lounge
07:04 Orc Burrow
07:50 Beastiary
07:53 Beastiary
09:50 Orc Burrow
12:58 Fortress
» items
| Potion of Healing | 3 | |
| Potion of Mana | 2 | |
| Scroll of Town Portal | 3 | |
| Healing Salve | 3 | |
| Scroll of Speed | 1 | |
| Lesser Clarity Potion | 2 | |
| Boots of Speed | 1 | |
| Potion of Lesser Invulnerability | 2 | |
| Potion of Invisibility | 1 | |
| Orb of Lightning | 1 | |
19 total
Uzbad (
teal | 61 APM | 1563 actions | 25:43)
4 Paladin
2 Holy Light
1 Divine Shield
1 Devotion Aura
» actions
| Assign group hotkey | 33 | |
| Build / train | 53 | |
| Enter build submenu | 15 | |
| Enter hero's abilities submenu | 4 | |
| Remove unit from queue | 1 | |
| Right click | 1171 | |
| Select / deselect | 206 | |
| Select group hotkey | 27 | |
| Use ability | 53 | |
1563 total
» units
| Peasant | 10 | |
| Footman | 8 | |
| Knight | 5 | |
| Mortar Team | 2 | |
| Siege Engine | 2 | |
27 total
» upgrades
| Swords | 3 | |
| Masonry | 1 | |
| Plating | 2 | |
| Animal War Training | 1 | |
| Barrage | 1 | |
8 total
» buildings
| Lumber Mill | 1 | |
| Altar of Kings | 1 | |
| Farm | 12 | |
| Barracks | 2 | |
| Keep | 1 | |
| Blacksmith | 1 | |
| Arcane Vault | 1 | |
| Castle | 1 | |
| Workshop | 1 | |
| Scout Tower | 3 | |
| Guard Tower | 2 | |
26 total
» build order
00:20 Lumber Mill
00:41 Altar of Kings
00:46 Farm
00:57 Farm
01:32 Barracks
02:00 Farm
02:00 Farm
02:33 Farm
05:36 Keep
06:45 Barracks
06:49 Farm
06:50 Farm
06:54 Blacksmith
07:08 Arcane Vault
07:49 Farm
07:49 Farm
07:58 Castle
13:21 Workshop
13:29 Scout Tower
13:30 Scout Tower
13:31 Scout Tower
14:20 Guard Tower
16:09 Guard Tower
17:38 Farm
17:39 Farm
17:40 Farm
» items
| Lesser Clarity Potion | 3 | |
| Scroll of Town Portal | 2 | |
| Scroll of Regeneration | 3 | |
8 total
Chat log
(00:11 / Allies) Uzbad: rif mort gyro tank
(00:17 / Allies) Bromeister: i tower
(00:19 / Allies) OrcNinja: hero?
(00:20 / Allies) Bromeister: im prio
(00:22 / Allies) Bromeister: bm
(00:36 / Allies) Uzbad: i hope you are right
(00:40 / Allies) OrcNinja: hes not
(00:40 / Allies) Bromeister: i win all my games
(00:41 / Allies) Bromeister: towering
(00:47 / Allies) Bromeister: 3-1 so far
(00:53 / Allies) Bromeister: chill with the gold
(00:59 / Allies) Bromeister: just mass
(01:03 / Allies) OrcNinja: no burrow?
(01:07 / Allies) OrcNinja: but made an alter
(01:08 / Allies) OrcNinja: noob
(01:11 / Allies) Bromeister: gold
(01:13 / Allies) Uzbad: ugh...
(01:14 / Allies) Bromeister: lol
(01:16 / Allies) Bromeister: chill
(01:22 / Allies) OrcNinja: hes shit
(01:28 / Allies) Bromeister: wtf
(01:46 / Allies) Uzbad: paldin
(01:50 / Allies) Uzbad: and melee
(01:51 / Allies) OrcNinja: kotg
(01:56 / Allies) Bromeister: wood u jews
(01:59 / Allies) Bromeister: lol
(02:06 / Allies) OrcNinja: too far
(02:08 / Allies) OrcNinja: not close enough
(02:13 / Allies) Bromeister: chill bro
(02:16 / Allies) Bromeister: i need to set the base
(02:17 / Allies) Bromeister: omfg
(02:19 / Allies) Bromeister: he might have saw me
(02:21 / Allies) Bromeister: nvm
(02:25 / Allies) Uzbad: lets hope that fucker didnt spot it
(02:29 / Allies) Bromeister: towers have longer range
(02:33 / Allies) Bromeister: u nub
(02:47 / Allies) Bromeister: lol he ran back
(02:53 / Allies) Bromeister: tried to solo green creeps with mk
(02:59 / Allies) Bromeister: fuck
(03:00 / Allies) Bromeister: he saw
(03:03 / Allies) Uzbad: balls
(03:23 / Allies) Bromeister: go fucking rush red
(03:26 / Allies) Bromeister: we can win
(03:32 / Allies) Bromeister: kill like all his workers
(03:33 / Allies) Bromeister: gogo
(04:38 / Allies) Bromeister: yes
(04:39 / Allies) Bromeister: kill tower
(04:41 / Allies) Bromeister: coming
(04:42 / Allies) Bromeister: just hit it
(04:45 / Allies) Bromeister: just hit
(04:52 / Allies) Bromeister: dps the tower
(04:55 / Allies) Bromeister: uu tard
(04:56 / Allies) Bromeister: omfg
(05:01 / Allies) Bromeister: hero
(05:39 / Allies) Bromeister: red hero
(05:58 / Allies) Uzbad: kill and tp
(06:05 / Allies) Uzbad: bb
(06:14 / Allies) Bromeister: we good
(06:15 / Allies) Bromeister: i teched
(06:25 / Allies) Uzbad: what you getting?
(06:26 / Allies) Bromeister: still building a bsae
(06:28 / Allies) Bromeister: mass wyv bats
(06:35 / Allies) Uzbad: k still melee hete
(06:36 / Allies) OrcNinja: just get bats
(06:38 / Allies) Uzbad: here
(06:39 / Allies) OrcNinja: i mean no bats
(06:42 / Allies) OrcNinja: get wyverms
(06:46 / Allies) Bromeister: i know
(06:48 / Allies) Bromeister: chill
(06:56 / Allies) Bromeister: may i use well
(07:06 / Allies) OrcNinja: ya
(07:10 / Allies) Bromeister: lets creeep
(07:11 / Allies) Bromeister: hard
(07:20 / Allies) OrcNinja: i have tp for you
(07:28 / Allies) Bromeister: i got one
(07:35 / Allies) Bromeister: let me have tho
(07:39 / Allies) Bromeister: nvm
(08:08 / Allies) OrcNinja: he had lots of peas
(08:11 / Allies) OrcNinja: he wants to expo
(08:37 / Allies) Bromeister: kill his foots
(08:40 / Allies) Bromeister: pick them off
(08:46 / Allies) Bromeister: why
(08:49 / Allies) Bromeister: wtf u
(09:23 / Allies) Bromeister: hit orc
(09:25 / Allies) Bromeister: get his burrows
(09:41 / Allies) Bromeister: dont
(09:41 / Allies) Bromeister: lol
(10:52 / Allies) Bromeister: fuck
(11:10 / Allies) Bromeister: gold
(12:14 / Allies) Bromeister: oj what u getting
(12:16 / Allies) Bromeister: gold me if u can
(12:17 / Allies) OrcNinja: air
(12:50 / Allies) Bromeister: holy shit
(12:53 / Allies) Bromeister: get morts
(12:56 / Allies) Uzbad: you fucking fail yellow
(13:04 / Allies) Uzbad: that is real towering
(13:10 / Allies) Bromeister: hit them now
(13:11 / Allies) Bromeister: fuck it
(13:14 / Allies) Bromeister: teal tower up
(13:26 / Allies) Bromeister: i need boots
(13:52 / Allies) Bromeister: lmao
(14:22 / All) OrcNinja: tower noob
(14:24 / Allies) Bromeister: u hit red
(14:25 / Allies) Bromeister: i hit purp
(14:51 / Allies) Uzbad: oj
(15:04 / Allies) Bromeister: stfu
(15:46 / Allies) Bromeister: lol
(16:14 / Allies) Uzbad: all his tech is gone
(16:52 / Allies) Bromeister: geting raiders
(16:54 / Allies) Bromeister: with pilalge
(17:01 / Allies) Bromeister: go expo
(17:03 / Allies) Bromeister: u fucking noob
(17:27 / Allies) Bromeister: raiders coming
(17:53 / Allies) Bromeister: gold me
(18:12 / Allies) Bromeister: check
(18:24 / Allies) Bromeister: dont
(18:24 / Allies) Bromeister: dont
(18:28 / Allies) Bromeister: plz dont creeep
(18:35 / Allies) Uzbad: finish off red
(18:41 / Allies) Bromeister: i got bs
(20:00 / Allies) Uzbad: care
(20:27 / Allies) Uzbad: they have mass hippz
(20:33 / Allies) Uzbad: bats would be good
(20:40 / All) Bromeister: sup
(20:43 / All) Bromeister: im pro at dota
(20:46 / All) Bromeister: i play my hero like jugg lol
(20:50 / All) Bromeister: so dont fuck lol
(21:10 / Allies) Uzbad: getfucking bats
(21:25 / Allies) Bromeister: get tanks u moron
(21:30 / Allies) Bromeister: u didnt do shit whole game
(21:40 / Allies) Uzbad: i killed reds tech
(22:32 / Allies) Bromeister: fuck
(22:53 / Allies) Bromeister: u guys didnt expo
(22:55 / Allies) Bromeister: whole game gg
(23:35 / Allies) Uzbad: bbbb
(23:36 / All) CandyInTheVAN: fucking purp and red
(23:37 / All) CandyInTheVAN: GGG
(23:46 / Allies) Uzbad: phew
(23:47 / Allies) Bromeister: gg
(23:50 / All) Bromeister: teal saves the day
(23:54 / Allies) Bromeister: gold me
(23:55 / All) Uzbad: :D
(24:00 / Allies) Bromeister: gold me
(24:08 / Allies) Bromeister: nvm fuck i keep forgetting u have wells
(24:45 / Allies) Bromeister: lets go
(24:50 / Allies) Bromeister: kill the hero
(24:51 / Allies) Bromeister: and game is over
(24:55 / Allies) Bromeister: kill the warden
(24:56 / Allies) Bromeister: gogo
(24:57 / Allies) Bromeister: thats the main
(25:37 / All) Bromeister: gg
(25:41 / All) noobling: gg